 Dungeon Crawl Stone Soup version 0.25-a0-362-g90ccd6aac3 (webtiles) character file.

Game seed: 9236190233936317984, levelgen mode: deterministic

38 Conn the Magician (level 3, 0/21 HPs)
             Began as an Octopode Wizard on Jan 4, 2020.
             Slain by a worker ant (6 damage)
             ... on level 2 of the Dungeon.
             The game lasted 00:02:59 (1438 turns).

Conn the Magician (Octopode Wizard)                 Turns: 1438, Time: 00:03:00

Health: 0/21       AC:  1    Str:  6    XL:     3   Next: 43%
Magic:  8/8        EV: 13    Int: 21    God:
Gold:   73         SH:  0    Dex: 10    Spells: 8/9 levels left

rFire    x . .     SeeInvis .   i - +0 dagger
rCold    + . .     Gourm    .   (no shield)
rNeg     . . .     Faith    .   a - +0 hat
rPois    .         Spirit   .   (no amulet)
rElec    .         Reflect  .   h - ring of ice
rCorr    .         Harm     .   (no ring)
MR       .....                  (no ring)
Stlth    +++.......             (no ring)
HPRegen  0.07/turn              (no ring)
MPRegen  0.11/turn              (no ring)
                                (no ring)
                                (no ring)

@: lethally poisoned (0 -> -8), flying
A: almost no armour, stealthy swim, amphibious, 8 rings, constrict 8, camouflage
1, gelatinous body 1
a: no special abilities


You were on level 2 of the Dungeon.
You were hungry.

You visited 1 branch of the dungeon, and saw 2 of its levels.

You collected 73 gold pieces.

Inventory:

Hand Weapons
 i - a +0 dagger (weapon)
Missiles
 l - 7 silver javelins (quivered)
Armour
 a - a +0 hat (worn)
Jewellery
 h - a ring of ice (left tentacle)
Scrolls
 d - a scroll of remove curse {unknown}
 j - 2 scrolls of amnesia {unknown}
 m - a scroll of teleportation {unknown}
 n - a scroll of identify {unknown}
Potions
 b - a potion of flight
 e - 2 potions of haste {unknown}
 f - a potion of brilliance {unknown}
 g - a potion of lignification {unknown}
 k - a potion of degeneration {unknown}
Comestibles
 c - a ration


   Skills:
 + Level 0.1 Fighting
 + Level 2.2 Dodging
 + Level 2.9 Stealth
 + Level 3.9 Spellcasting
 + Level 1.2 Conjurations
   Level 1.0 Summonings
   Level 1.0 Translocations


You had 8 spell levels left.
You knew the following spells:

 Your Spells              Type           Power        Failure   Level  Hunger
a - Magic Dart            Conj           #...         7%          1    None

Your spell library contained the following spells:

 Spells                   Type           Power        Failure   Level  Hunger
 Blink                    Tloc           N/A          12%         2    #......
 Call Imp                 Summ           #.......     12%         2    #......
 Slow                     Hex            #.......     19%         2    #......
 Conjure Flame            Conj/Fire      #.......     28%         3    ###....
 Mephitic Cloud           Conj/Pois/Air  #.......     30%         3    ###....


Dungeon Overview and Level Annotations

Branches:
Dungeon (2/15)

Altars:


Innate Abilities, Weirdness & Mutations

You cannot wear most types of armour.
You are very stealthy in the water. (Stealth+)
You are amphibious.
You can wear up to eight rings at the same time.
You can use your tentacles to constrict eight enemies at once.
Your skin changes colour to match your surroundings (Stealth+).
Your rubbery body absorbs attacks. (AC +1, EV +1)


Message History

The worker ant is moderately wounded.
You constrict the worker ant. The worker ant completely misses you.
The worker ant bites you.
You are poisoned.
The worker ant poisons you!
Throwing (i - inventory)
l - 8 silver javelins (quivered)
Press: ? - help, Shift-Dir - straight line, f - worker ant
Aim: a worker ant (heavily wounded, constricted by you)
You throw a silver javelin.
The silver javelin pierces through the worker ant.
The worker ant is heavily wounded.
You constrict the worker ant, but do no damage.
You feel sick. The worker ant bites you!
* * * LOW HITPOINT WARNING * * *
Unknown command.
It was a potion of flight.
You feel very buoyant.
You fly up into the air.
You constrict the worker ant. The worker ant bites you.
You die...

##.#..... ..#
......#.# #.#
#......## #.#
#^......# #.#
#...# #.# ##..#
#.# ##..###.###
#.........#.####
#.#..##.@a....(#
#.#...###..###.#
#.##..## ....#
#......# ....#
##.#####..#
......
...#.....#
##.....
#..#.#..# #####
#...<#..#
#..#.#..#


You could see a worker ant.

Vanquished Creatures
  2 oozes (D:1)
  A dart slug (D:2)
  2 leopard geckos (D:1)
  4 bats (D:1)
  A giant cockroach (D:1)
  4 goblins (D:1)
  3 hobgoblins (D:1)
  3 ball pythons (D:1)
  3 kobolds (D:1)
  3 rats (D:1)
26 creatures vanquished.

Notes
Turn   | Place    | Note
-------+----------+-------------------------------------------
     0 | D:1      | Conn the Octopode Wizard began the quest for the Orb.
     0 | D:1      | Reached XP level 1. HP: 11/11 MP: 4/4
   260 | D:1      | Reached XP level 2. HP: 17/17 MP: 1/6
   785 | D:1      | Reached XP level 3. HP: 7/21 MP: 0/8
  1438 | D:2      | Slain by a worker ant

Levels and vault maps discovered:
D:1:      minmay_arrival_radiant_lines, layout_loops_ring, glass_columns_c
D:2:      layout_basic, lemuel_doored_altar

Action                   || total
-------------------------++-------
Melee: Unarmed           ||    18
       Constrict         ||     9
       Tentacles         ||     5
       Dagger            ||    22
Throw: Javelin           ||     1
 Cast: Magic Dart        ||    47
  Use: Potion            ||     1
 Stab: Sleeping          ||     8
  Eat: Chunk             ||     1
Armor: Skin              ||     5
Dodge: Dodged            ||    42

Table legend:
 A = Non-vault XP
 B = Vault XP
 C = Vault XP percentage of total XP
 D = Non-vault monster count
 E = Vault monster count
 F = Vault count percentage of total count
                 A         B        C        D         E       F
            +---------+---------+-------+---------+---------+-------
      Total |      55 |       0 |   0.0 |      26 |       0 |   0.0
            +---------+---------+-------+---------+---------+-------
        D:1 |      51 |       0 |   0.0 |      25 |       0 |   0.0
        D:2 |       4 |       0 |   0.0 |       1 |       0 |   0.0
            +---------+---------+-------+---------+---------+-------
